 Dungeon Crawl Stone Soup version 0.28-a0-533-g9f97627e2a (webtiles) character file.

Game seed: 1854081672399510694

57 speeev33 the Covered (level 4, -2/29 HPs)
             Began as a Gargoyle Fighter on Sept 25, 2021.
             Slain by Sigmund (5 damage)
             ... on level 3 of the Dungeon.
             The game lasted 00:02:10 (2130 turns).

speeev33 the Covered (Gargoyle Fighter)             Turns: 2130, Time: 00:02:10

Health: -2/29      AC: 10    Str: 21    XL:     4   Next: 0%
Magic:  4/4        EV:  9    Int:  8    God:
Gold:   53         SH:  4    Dex:  9    Spells: 3/3 levels left

rFire   . . .      SeeInvis .   a - +0 flail
rCold   . . .      Faith    .   c - +0 buckler
rNeg    + . .      Spirit   .   b - +0 scale mail
rPois   ∞          Reflect  .   (no helmet)
rElec   +          Harm     .   (no cloak)
rCorr   .          Rampage  .   (no gloves)
Will    .....                   (no boots)
Stlth   ..........              (no amulet)
HPRegen 0.09/turn               (no ring)
MPRegen 0.09/turn               (no ring)

@: mighty
A: sickness immunity, AC +3, negative energy resistance 1, electricity
resistance, torment resistance 1, petrification resistance
a: no special abilities


You were on level 3 of the Dungeon.
You visited 1 branch of the dungeon, and saw 3 of its levels.

You collected 53 gold pieces.

Inventory:

Hand Weapons
 a - a +0 flail (weapon)
Armour
 b - a +0 scale mail (worn)
 c - a +0 buckler (worn)
Scrolls
 e - 2 scrolls of teleportation
 g - a scroll of acquirement {unknown}
Potions
 f - a potion of brilliance {unknown}
 h - a potion of ambrosia {unknown}
 i - a potion of heal wounds {unknown}


   Skills:
 + Level 3.8 Fighting
 + Level 2.6 Maces & Flails
 + Level 3.9 Armour
 + Level 3.8 Shields


You had 3 spell levels left.
You didn't know any spells.
Your spell library was empty.

Dungeon Overview and Level Annotations

Branches:
Dungeon (3/15)

Altars:

Annotations:
D:3 Sigmund


Innate Abilities, Weirdness & Mutations

You are immune to sickness and miasma.
Your stone body is resilient. (AC +3)
You are immune to poison.
You resist negative energy. (rN+)
You are resistant to electric shocks. (rElec)
You are resistant to unholy torment.
You are immune to petrification.


Message History

You bump into the rock wall.
Sigmund gestures at you while chanting.
You are more confused.
You bump into the rock wall.
Sigmund barely misses you.
You hit Sigmund.
Sigmund is moderately wounded.
Sigmund gestures at you while chanting. You resist with some effort.
You barely miss Sigmund.
Sigmund is moderately wounded.
Sigmund hits you with a +0 scythe. Sigmund hits you but does no damage.
You're too confused to move!
Sigmund closely misses you. Sigmund hits you but does no damage.
Sigmund hits you from afar with a +0 scythe!
Sigmund closely misses you.
You feel less confused.
Sigmund points at you and mumbles some strange words.
You are confused.
Sigmund hits you but does no damage. Sigmund closely misses you.
There is an open door here.
Sigmund points at you and mumbles some strange words.
You resist with some effort.
You closely miss Sigmund.
Sigmund is moderately wounded.
You feel less confused.
Sigmund gestures wildly while chanting.
Sigmund flickers and vanishes!
Deactivating autopickup; reactivate with Ctrl-A.
You sock something! Something hits you.
Your scale mail prevents you from hitting something.
Something hits you but does no damage.
You barely miss something. You closely miss something. Something hits you.
You closely miss something. Something hits you.
* * * LOW HITPOINT WARNING * * *
You hit something. Something hits you but does no damage.
You miss something. Something hits you.
You die...

#########.
#........#
#........#
#........#
#####....(...#
#............#
#............#
#............#
#####.@{.....#
##'####+## #.#
#.# #.# #.#
#<# ###


There were no monsters in sight!

Vanquished Creatures
  2 adders (D:2)
  6 endoplasms
  3 goblins
  3 hobgoblins (D:1)
  6 kobolds
  A quokka (D:2)
  7 ball pythons
  4 bats
  3 frilled lizards
  3 rats
38 creatures vanquished.

Notes
Turn   | Place    | Note
-------+----------+-------------------------------------------
     0 | D:1      | speeev33 the Gargoyle Fighter began the quest for the Orb.
     0 | D:1      | Reached XP level 1. HP: 14/14 MP: 1/1
   446 | D:1      | Reached XP level 2. HP: 19/19 MP: 2/2
  1121 | D:2      | Reached XP level 3. HP: 22/23 MP: 3/3
  1494 | D:2      | Found a faded altar of an unknown god.
  2082 | D:3      | Reached XP level 4. HP: 27/29 MP: 4/4
  2097 | D:3      | Noticed Sigmund
  2130 | D:3      | Slain by Sigmund

Illustrated notes

Levels and vault maps discovered:
D:1:      lightli_arrival_boilingwater, layout_basic
D:2:      layout_basic, basic_ecumenical_altar
D:3:      layout_basic, lemuel_doored_altar, grunt_temple_overflow_bloody_war,
          uniq_sigmund, uniq_crazy_yiuf_cottage, uniq_terence, uniq_robin

Action                   |  1- 3 |  4- 6 || total
-------------------------+-------+-------++-------
Melee: Flail             |   146 |    13 ||   159
  Use: Scroll            |     2 |       ||     2
       Potion            |       |     1 ||     1
Armor: Scale mail        |    73 |     7 ||    80
Dodge: Dodged            |    84 |     5 ||    89
Block: Buckler           |    36 |       ||    36

Table legend: (Time is in decaauts)
 A = Elapsed time spent in this place.
 B = Non-inter-level travel time spent in this place.
 C = Inter-level travel time spent in this place.
 D = Time resting spent in this place.
 E = Time spent auto-exploring this place.
 F = Levels seen in this place.
 G = Mean time per level.
                   A        B        C        D        E       F      G
               +--------+--------+--------+--------+--------+-----+--------+
         Total |   2178 |   2132 |     46 |    109 |   1665 |   3 |  726.0 |
       Dungeon |   2178 |   2132 |     46 |    109 |   1665 |   3 |  726.0 |
               +--------+--------+--------+--------+--------+-----+--------+

Top non-repeatable levels by time:
     D:2: 1113 daAuts
     D:1: 1005 daAuts
     D:3: 59 daAuts
